[Event "FIDE World Rapid-ch Open 2018"]
[White "Kryakvin, Dmitry"]
[Black "Pershin, Denis"]
[Site "St. Petersburg"]
[Round "11.72"]
[Annotator "ChessBase"]
[Result "1-0"]
[Date "2018.12.28"]
[WhiteElo "2588"]
[BlackElo "2400"]
[PlyCount "83"]
[TimeControl "900+10"]

1. d4 d5 2. c4 c6 3. Nf3 Nf6 4. Nc3 e6 5. cxd5 exd5 6. Qc2 g6 7. Bg5 Bg7 8. e3 Bf5 9. Bd3 Bxd3 10. Qxd3 0-0 11. 0-0 Nbd7 12. b4 Re8 13. Rab1 h6 14. Bh4 g5 15. Bg3 Ne4 16. b5 Qa5 17. bxc6 bxc6 18. Rfc1 Rac8 19. Qc2 Nxc3 20. Qxc3 Qxc3 21. Rxc3 c5 22. Ra3 g4 23. Rxa7 gxf3 24. Rxd7 cxd4 25. exd4 Rc2 26. gxf3 Rxa2 27. Rxd5 Rd2 28. Rb4 Re1+ 29. Kg2 Red1 30. Rb8+ Kh7 31. Rd7 Rxd4 32. Rxf7 Rd7 33. Rxd7 Rxd7 34. Rb5 Kg6 35. h4 Rf7 36. h5+ Kf6 37. Kh3 Ke6 38. Kg4 Bd4 39. f4 Rg7+ 40. Kf3 Ba7 41. f5+ Ke7 42. f6+ 1-0

[Event "FIDE World Rapid-ch Open 2018"]
[White "Zhigalko, Andrey"]
[Black "Gaifullin, Artur"]
[Site "St. Petersburg"]
[Round "11.73"]
[Annotator "ChessBase"]
[Result "1-0"]
[Date "2018.12.28"]
[WhiteElo "2545"]
[BlackElo "2448"]
[PlyCount "153"]
[TimeControl "900+10"]

1. c4 e6 2. Nc3 d5 3. d4 Nf6 4. cxd5 exd5 5. Bg5 Be7 6. e3 0-0 7. Bd3 c6 8. Qc2 Nbd7 9. Nge2 Re8 10. 0-0 Nf8 11. f3 c5 12. Rad1 c4 13. Bf5 Be6 14. Nf4 h6 15. Nxe6 fxe6 16. Bxf6 Bxf6 17. Bg4 Qb6 18. f4 Rad8 19. Kh1 Qc6 20. a4 a6 21. a5 Qc7 22. f5 e5 23. e4 exd4 24. Nxd5 Rxd5 25. exd5 d3 26. Rxd3 Qf4 27. Qd1 Qxf1+ 28. Qxf1 cxd3 29. g3 Re4 30. h3 d2 31. Qd3 Rd4 32. Qb3 Nd7 33. d6+ Kh8 34. Bd1 Rxd6 35. Qxb7 Kh7 36. Kg2 Be5 37. b4 Rd3 38. Qxa6 Rxg3+ 39. Kf1 Nf6 40. Qc6 Re3 41. Qc2 Ne4 42. f6 gxf6 43. a6 Bd4 44. a7 Bxa7 45. Qc7+ Kg6 46. Bc2 Re1+ 47. Kg2 Bd4 48. Qd7 d1=Q 49. Bxd1 Rg1+ 50. Kh2 Be3 51. Bc2 f5 52. Bxe4 fxe4 53. Qe6+ Kg7 54. Qe5+ Kf7 55. Qxe4 Re1 56. Kg2 Rg1+ 57. Kf3 Bg5 58. Qd5+ Kg6 59. h4 Rf1+ 60. Kg2 Rf5 61. Qg8+ Kf6 62. Qh8+ Ke7 63. hxg5 Rxg5+ 64. Kf3 Rb5 65. Qg7+ Ke8 66. Qxh6 Kd7 67. Qf4 Kc6 68. Ke3 Rb6 69. Kd3 Kb5 70. Kc3 Rc6+ 71. Kb3 Kb6 72. Qe5 Rg6 73. Qd4+ Kc7 74. Qf4+ Kb6 75. Qb8+ Ka6 76. Ka4 Rg4 77. Qc8+ 1-0

[Event "FIDE World Rapid-ch Open 2018"]
[White "Anikonov, Dmitry"]
[Black "Jones, Gawain C B"]
[Site "St. Petersburg"]
[Round "11.74"]
[Annotator "ChessBase"]
[Result "1/2-1/2"]
[Date "2018.12.28"]
[WhiteElo "2371"]
[BlackElo "2682"]
[PlyCount "110"]
[TimeControl "900+10"]

1. d4 g6 2. c4 Bg7 3. g3 c5 4. d5 b5 5. cxb5 a6 6. bxa6 Nf6 7. Nc3 0-0 8. Nf3 d6 9. Bg2 Nxa6 10. 0-0 Qb6 11. Re1 Bd7 12. e4 Ng4 13. h3 Ne5 14. Nxe5 Bxe5 15. f4 Bd4+ 16. Kh2 Nb4 17. Be3 Rfb8 18. Qd2 Bxe3 19. Rxe3 c4 20. Re2 Ra7 21. e5 Bf5 22. exd6 exd6 23. Rae1 Nd3 24. Re8+ Kg7 25. Rxb8 Qxb8 26. Re2 h5 27. Be4 Rb7 28. b3 Qc8 29. Bxf5 Qxf5 30. Ne4 Re7 31. bxc4 Rxe4 32. Qxd3 Rxe2+ 33. Qxe2 h4 34. Qb2+ Kh7 35. Qd2 Qc8 36. Qe2 hxg3+ 37. Kxg3 Qc5 38. Kf3 Qg1 39. Ke4 Qh1+ 40. Kd4 Qg1+ 41. Kd3 Qb1+ 42. Kc3 Qc1+ 43. Kb3 Qxf4 44. Qd3 Qf2 45. a4 Qb6+ 46. Ka3 f5 47. Qe2 Qc7 48. Kb4 f4 49. a5 Qc5+ 50. Kb3 Kh6 51. Qf3 g5 52. Qe4 Qxa5 53. Qe6+ Kh5 54. Qg4+ Kh6 55. Qe6+ Kh5 1/2-1/2

[Event "FIDE World Rapid-ch Open 2018"]
[White "Shaposhnikov, Evgeny"]
[Black "Maghsoodloo, Parham"]
[Site "St. Petersburg"]
[Round "11.75"]
[Annotator "ChessBase"]
[Result "1-0"]
[Date "2018.12.28"]
[WhiteElo "2576"]
[BlackElo "2688"]
[PlyCount "60"]
[TimeControl "900+10"]

1. Nf3 d5 2. d4 c5 3. c4 cxd4 4. cxd5 Nf6 5. Qxd4 Qxd5 6. Nc3 Qxd4 7. Nxd4 a6 8. Bg5 Nbd7 9. e4 e6 10. f3 Bc5 11. 0-0-0 b5 12. Nc6 h6 13. Bf4 Bb6 14. a4 g5 15. Bd6 bxa4 16. Nxa4 Be3+ 17. Kb1 a5 18. Rd3 Bf2 19. Rb3 g4 20. Bb5 gxf3 21. gxf3 Ba6 22. Rf1 Bxb5 23. Rxb5 Ra6 24. Rxf2 Rxc6 25. Rd2 Nd5 26. Ba3 Nc7 27. Rxa5 Rg8 28. Ra7 Rg5 29. Bd6 Kd8 30. Nb6 Rb5 1-0

[Event "FIDE World Rapid-ch Open 2018"]
[White "Huzman, Alexander"]
[Black "Sanikidze, Tornike"]
[Site "St. Petersburg"]
[Round "11.76"]
[Annotator "ChessBase"]
[Result "1-0"]
[Date "2018.12.28"]
[WhiteElo "2580"]
[BlackElo "2507"]
[PlyCount "95"]
[TimeControl "900+10"]

1. d4 d6 2. Nf3 g6 3. c4 Bg7 4. e4 e5 5. Be2 exd4 6. Nxd4 Ne7 7. h4 Nbc6 8. Be3 f5 9. Nc3 0-0 10. Qd2 fxe4 11. Nxe4 Nf5 12. Nxf5 gxf5 13. Nc3 Qf6 14. Bg5 Qf7 15. Bh6 Bxh6 16. Qxh6 Nd4 17. Bd3 Re8+ 18. Kd2 Be6 19. b3 c5 20. Rhe1 Kh8 21. Re3 Rg8 22. g3 Rad8 23. h5 b5 24. Rae1 bxc4 25. bxc4 Rge8 26. Nb5 Nxb5 27. Rxe6 Rxe6 28. Rxe6 Nd4 29. Rxd6 Nf3+ 30. Kc3 Rxd6 31. Qxd6 Qg7+ 32. Kc2 Nd4+ 33. Kc1 Qg5+ 34. Kb1 Kg7 35. Qxc5 Qf6 36. Qxa7+ Kh6 37. c5 Qe5 38. Qa5 Kxh5 39. Qc3 Qb8+ 40. Kc1 Qe5 41. c6 Kg6 42. Kd1 Qd5 43. c7 Qf3+ 44. Ke1 Qh1+ 45. Kd2 Nf3+ 46. Ke3 Ng1 47. Bxf5+ Kh5 48. Be4 1-0

[Event "FIDE World Rapid-ch Open 2018"]
[White "Usmanov, Vasily"]
[Black "Zablotsky, Sergei"]
[Site "St. Petersburg"]
[Round "11.77"]
[Annotator "ChessBase"]
[Result "1-0"]
[Date "2018.12.28"]
[WhiteElo "2450"]
[BlackElo "2511"]
[PlyCount "107"]
[TimeControl "900+10"]

1. b3 c5 2. Bb2 Nc6 3. Nf3 d5 4. e3 Nf6 5. Bb5 Bd7 6. 0-0 a6 7. Bxc6 Bxc6 8. Ne5 Rc8 9. c4 e6 10. Nxc6 Rxc6 11. cxd5 exd5 12. d4 cxd4 13. Bxd4 Bc5 14. Nc3 Bxd4 15. Qxd4 0-0 16. Rfd1 Qc7 17. Nxd5 Nxd5 18. Qxd5 g6 19. g3 Rc2 20. Rd2 Rxd2 21. Qxd2 Rd8 22. Qe2 Qa5 23. Rc1 Qd2 24. Rc2 Qxe2 25. Rxe2 Rd1+ 26. Kg2 Kf8 27. Rc2 h5 28. h4 Ra1 29. Kf3 Ke7 30. Kf4 Ke6 31. Kg5 a5 32. a4 Rb1 33. Rc3 Rf1 34. Rc2 Rb1 35. Rc5 Rxb3 36. Rxa5 Rb2 37. f3 Rf2 38. Kf4 Ra2 39. Kg5 Rf2 40. f4 Rf3 41. Re5+ Kd6 42. Kf6 Rxg3 43. Kxf7 Rg4 44. Rg5 Rxh4 45. Kxg6 Rh3 46. e4 h4 47. Rd5+ Kc6 48. Rd1 Re3 49. e5 h3 50. Kf6 h2 51. e6 Rh3 52. e7 Rh8 53. f5 Kc7 54. Kg7 1-0

[Event "FIDE World Rapid-ch Open 2018"]
[White "Christiansen, Johan-Sebastian"]
[Black "Anisimov, Pavel"]
[Site "St. Petersburg"]
[Round "11.78"]
[Annotator "ChessBase"]
[Result "1/2-1/2"]
[Date "2018.12.28"]
[WhiteElo "2555"]
[BlackElo "2533"]
[PlyCount "120"]
[TimeControl "900+10"]

1. e4 c5 2. Nf3 d6 3. Bb5+ Nd7 4. 0-0 Ngf6 5. Re1 a6 6. Bf1 e5 7. c3 Be7 8. d4 b5 9. a4 Rb8 10. axb5 axb5 11. Na3 b4 12. Nc4 Qc7 13. Bg5 0-0 14. Bh4 Re8 15. dxe5 dxe5 16. Nfxe5 Nxe5 17. Nxe5 bxc3 18. bxc3 Bd6 19. Bxf6 Bxe5 20. Bxe5 Qxe5 21. Qd2 Be6 22. Rad1 f6 23. h3 Rb3 24. Re3 Reb8 25. Qd6 Qxd6 26. Rxd6 Kf7 27. Kh2 R3b6 28. Rd2 Rb2 29. Red3 R8b3 30. Rxb2 Rxb2 31. Rf3 Ke7 32. Kg3 g5 33. h4 h6 34. hxg5 hxg5 35. Re3 Kd6 36. f4 gxf4+ 37. Kxf4 Rf2+ 38. Rf3 Rc2 39. Rd3+ Ke7 40. Re3 Kd6 41. Be2 Rc1 42. Bf3 c4 43. g4 Rc2 44. Be2 Rc1 45. Rg3 Rc2 46. Re3 Rc1 47. Bf3 Rc2 48. Bd1 Rc1 49. Be2 Rc2 50. Bf3 Rc1 51. Bg2 Rc2 52. Rg3 Rf2+ 53. Bf3 Rc2 54. Bh1 Rf2+ 55. Bf3 Rc2 56. Bd1 Rd2 57. Bf3 Rc2 58. Bg2 Rf2+ 59. Bf3 Rc2 60. Bd1 Rd2 1/2-1/2

[Event "FIDE World Rapid-ch Open 2018"]
[White "Belozerov, Andrei"]
[Black "Kabanov, Nikolai"]
[Site "St. Petersburg"]
[Round "11.79"]
[Annotator "ChessBase"]
[Result "0-1"]
[Date "2018.12.28"]
[WhiteElo "2528"]
[BlackElo "2450"]
[PlyCount "82"]
[TimeControl "900+10"]

1. d4 Nf6 2. c4 c5 3. Nf3 cxd4 4. Nxd4 e6 5. g3 Bb4+ 6. Bd2 Qb6 7. e3 Nc6 8. Bg2 d5 9. 0-0 Nxd4 10. exd4 Bxd2 11. Qxd2 0-0 12. c5 Qc7 13. Nc3 Bd7 14. b4 b6 15. Rfc1 a5 16. a3 Ra7 17. Rab1 axb4 18. axb4 b5 19. Ra1 Bc6 20. Qe2 Rb8 21. Qe5 Qb7 22. Rxa7 Qxa7 23. Bf1 Ne4 24. Ra1 Qb7 25. Ra6 Ra8 26. Nxe4 Qxa6 27. Nd6 Qa1 28. Nxf7 Kxf7 29. Qc7+ Kf6 30. Qxc6 Ra2 31. Qxb5 Qxd4 32. Be2 Rb2 33. c6 Qxb4 34. Qxb4 Rxb4 35. Ba6 Rb1+ 36. Kg2 Rc1 37. Bb7 Ke7 38. h4 Kd6 39. f4 h5 40. g4 hxg4 41. Kg3 d4 0-1

[Event "FIDE World Rapid-ch Open 2018"]
[White "Nozdrachev, Vladislav"]
[Black "Borisenko, Viacheslav"]
[Site "St. Petersburg"]
[Round "11.80"]
[Annotator "ChessBase"]
[Result "1-0"]
[Date "2018.12.28"]
[WhiteElo "2486"]
[BlackElo "2289"]
[PlyCount "73"]
[TimeControl "900+10"]

1. e4 g6 2. d4 Bg7 3. Nc3 c6 4. Nf3 d5 5. h3 Nf6 6. e5 Ne4 7. Bd3 Nxc3 8. bxc3 c5 9. 0-0 c4 10. Be2 Qa5 11. Bd2 Qa4 12. Nh4 Nc6 13. f4 e6 14. g4 Ne7 15. Kh2 Bd7 16. Be1 0-0-0 17. Nf3 h5 18. Ng5 hxg4 19. Nxf7 Rxh3+ 20. Kg1 Rg8 21. Bxg4 Rh5 22. Bxh5 gxh5 23. Kh1 Nf5 24. Rg1 Rf8 25. Nd6+ Nxd6 26. exd6 Bh6 27. Bg3 Be8 28. Qe2 Qd7 29. Rae1 Rf6 30. Qe5 Bg7 31. f5 Bf7 32. Bh4 Rg6 33. Qf4 Rxg1+ 34. Kxg1 Qe8 35. fxe6 Bxe6 36. Qg5 Bf8 37. Rxe6 1-0

[Event "FIDE World Rapid-ch Open 2018"]
[White "Hirneise, Jens"]
[Black "Vastrukhin, Oleg"]
[Site "St. Petersburg"]
[Round "11.81"]
[Annotator "ChessBase"]
[Result "0-1"]
[Date "2018.12.28"]
[WhiteElo "2371"]
[BlackElo "2413"]
[PlyCount "130"]
[TimeControl "900+10"]

1. e4 e6 2. d4 d5 3. Nc3 Bb4 4. e5 c5 5. a3 Bxc3+ 6. bxc3 Nc6 7. Nf3 Bd7 8. Bd3 Qa5 9. Bd2 c4 10. Be2 0-0-0 11. 0-0 f5 12. Ng5 Nh6 13. f4 Rdg8 14. Rf3 Nd8 15. Qb1 Nhf7 16. Nxf7 Nxf7 17. Qb4 Qxb4 18. cxb4 Ba4 19. Bd1 h6 20. c3 Bxd1 21. Rxd1 g5 22. a4 Kd7 23. Rdf1 gxf4 24. Bxf4 Rg6 25. Rh3 Rhg8 26. Rf2 Ke8 27. Kf1 Kf8 28. Re3 Kg7 29. Rff3 Kh7 30. Re2 R8g7 31. Ref2 Rg4 32. h3 R4g6 33. Kg1 Rg8 34. Kh2 R6g7 35. Kg1 Nh8 36. Kh2 Ng6 37. Bg3 h5 38. Kh1 Kh6 39. Bf4+ Nxf4 40. Rxf4 Rg3 41. R4f3 h4 42. Kg1 Kg5 43. Kf1 Rxf3 44. Rxf3 f4 45. Kf2 Kf5 46. Kf1 Ke4 47. Kf2 Rc8 48. Ke2 Rc7 49. Ke1 Rc6 50. a5 Ra6 51. Rf2 b6 52. Ra2 bxa5 53. b5 Rb6 54. Rxa5 Kd3 55. Rxa7 Kxc3 56. Ra6 Rxb5 57. Rxe6 Kxd4 58. Rh6 Kxe5 59. Rxh4 Rb1+ 60. Ke2 d4 61. Rh8 d3+ 62. Kd2 Rb2+ 63. Kc3 Rc2+ 64. Kb4 d2 65. Rd8 c3 0-1

[Event "FIDE World Rapid-ch Open 2018"]
[White "Drygalov, Andrey"]
[Black "Makoveev, Ilya"]
[Site "St. Petersburg"]
[Round "11.82"]
[Annotator "ChessBase"]
[Result "1/2-1/2"]
[Date "2018.12.28"]
[WhiteElo "2481"]
[BlackElo "2257"]
[PlyCount "92"]
[TimeControl "900+10"]

1. c4 e5 2. Nc3 Nf6 3. g3 d5 4. cxd5 Nxd5 5. Bg2 Nb6 6. e3 Nc6 7. Nge2 Be7 8. 0-0 0-0 9. f4 Bf5 10. fxe5 Bd3 11. b3 Qd7 12. Bb2 Nxe5 13. Rf4 c5 14. Nc1 Bg6 15. Ne4 Nc6 16. Rf2 f5 17. Nc3 Ne5 18. h3 Rad8 19. N3e2 Bf6 20. d4 Nc6 21. Nd3 cxd4 22. Bxc6 bxc6 23. Bxd4 Nd5 24. Qc1 Rfe8 25. Ndf4 Bxd4 26. exd4 Nf6 27. Nxg6 hxg6 28. Qc4+ Kh7 29. Raf1 Re4 30. Rf4 Rde8 31. Rxe4 Rxe4 32. Rf4 Qe7 33. Rxe4 Qxe4 34. Kf2 Qh1 35. Ke3 Nd5+ 36. Kd2 Nf6 37. h4 Qg2 38. Kc1 Qf3 39. a4 Ne4 40. a5 Qe3+ 41. Kb2 g5 42. hxg5 Nxg5 43. a6 Ne4 44. Qc2 g6 45. Ka3 Nd2 46. Nf4 Qxd4 1/2-1/2

[Event "FIDE World Rapid-ch Open 2018"]
[White "Makarov, Marat"]
[Black "Tsoi, Dmitry"]
[Site "St. Petersburg"]
[Round "11.83"]
[Annotator "ChessBase"]
[Result "1-0"]
[Date "2018.12.28"]
[WhiteElo "2505"]
[BlackElo "2424"]
[PlyCount "120"]
[TimeControl "900+10"]

1. Nf3 f5 2. g3 Nf6 3. Bg2 e6 4. 0-0 d5 5. c4 c6 6. d3 Be7 7. b3 0-0 8. Bb2 a5 9. Nbd2 Nbd7 10. a3 Nc5 11. b4 axb4 12. axb4 Rxa1 13. Qxa1 Na6 14. b5 cxb5 15. cxd5 exd5 16. Nd4 Nc7 17. Qa5 Bd7 18. Rc1 Ne6 19. Qxd8 Nxd8 20. N2b3 g6 21. e3 Kf7 22. Ne2 Bc6 23. Nf4 Ne6 24. Nd4 Nxd4 25. Bxd4 Rd8 26. Ra1 Ne8 27. Kf1 Bg5 28. Ne2 Be7 29. Ke1 Ng7 30. Bb6 Rd7 31. Kd2 Ne6 32. d4 Bd8 33. Bxd8 Rxd8 34. Nc1 Nc7 35. Nd3 Ne8 36. Ra7 Nd6 37. Nb4 Ke6 38. Nd3 g5 39. Kc3 Ne4+ 40. Kb4 Kd6 41. Ra2 Kc7 42. Ne5 Rf8 43. f3 Nd6 44. Bf1 f4 45. exf4 gxf4 46. g4 Kb6 47. Bd3 h6 48. h4 Nc4 49. g5 hxg5 50. hxg5 Nxe5 51. dxe5 d4 52. e6 Re8 53. Bf5 Bd5 54. Re2 Kc6 55. g6 d3 56. Bxd3 Rxe6 57. Rxe6+ Bxe6 58. g7 Kd5 59. Bxb5 Kd4 60. Ba4 Kd5 1-0

[Event "FIDE World Rapid-ch Open 2018"]
[White "Iljiushenok, Ilia"]
[Black "Ovchinnikov, Vsevolod"]
[Site "St. Petersburg"]
[Round "11.84"]
[Annotator "ChessBase"]
[Result "1/2-1/2"]
[Date "2018.12.28"]
[WhiteElo "2533"]
[BlackElo "2329"]
[PlyCount "73"]
[TimeControl "900+10"]

1. c4 Nf6 2. Nc3 d5 3. cxd5 Nxd5 4. g3 Nb6 5. Bg2 g6 6. Nf3 Bg7 7. d3 Nc6 8. Be3 0-0 9. Qd2 e5 10. Bh6 Bxh6 11. Qxh6 f6 12. Qd2 Be6 13. h4 Qe7 14. 0-0 Rad8 15. Rac1 Nc4 16. Qc2 Nd6 17. a3 Qf7 18. e3 Rd7 19. b4 a6 20. Qe2 Ne7 21. Rfe1 Nd5 22. Na4 b6 23. e4 Ne7 24. d4 Bc4 25. Qe3 Nc6 26. d5 Na7 27. Nb2 Ba2 28. Nd2 Nab5 29. Ra1 Nd4 30. Rec1 Nxe4 31. Nxe4 Bxd5 32. Rc3 Re8 33. Rac1 Qe7 34. Rxc7 Rxc7 35. Rxc7 Qxc7 36. Nxf6+ Kf8 37. Qh6+ 1/2-1/2

[Event "FIDE World Rapid-ch Open 2018"]
[White "Hakobyan, Aram"]
[Black "Drygalov, Sergey"]
[Site "St. Petersburg"]
[Round "11.85"]
[Annotator "ChessBase"]
[Result "1-0"]
[Date "2018.12.28"]
[WhiteElo "2545"]
[BlackElo "2446"]
[PlyCount "61"]
[TimeControl "900+10"]

1. Nf3 Nf6 2. c4 e6 3. g3 d5 4. Bg2 dxc4 5. Qa4+ Bd7 6. Qxc4 c5 7. 0-0 Nc6 8. Rd1 Rc8 9. Nc3 a6 10. Qf4 Qb6 11. b3 Be7 12. Bb2 0-0 13. Rac1 Rfd8 14. Na4 Qa7 15. Bxf6 gxf6 16. Qg4+ Kh8 17. Qh5 Be8 18. Qh6 Nd4 19. Nxd4 Rxd4 20. e3 Rg4 21. d4 Rg6 22. Qh4 c4 23. d5 b5 24. d6 Bd8 25. Nc3 f5 26. Qh5 b4 27. Ne2 c3 28. Nf4 Rg7 29. Nxe6 Rg6 30. Nf8 Kg7 31. d7 1-0

[Event "FIDE World Rapid-ch Open 2018"]
[White "Shinkevich, Vitaly"]
[Black "Bilguun, Sumiya"]
[Site "St. Petersburg"]
[Round "11.86"]
[Annotator "ChessBase"]
[Result "0-1"]
[Date "2018.12.28"]
[WhiteElo "2439"]
[BlackElo "2497"]
[PlyCount "98"]
[TimeControl "900+10"]

1. Nf3 d5 2. c4 e6 3. g3 Nf6 4. Bg2 dxc4 5. 0-0 Be7 6. Qc2 a6 7. a4 0-0 8. Ne5 a5 9. Na3 Na6 10. Naxc4 Nb4 11. Qb3 Nd7 12. d3 Nxe5 13. Nxe5 Bf6 14. Nc4 Nd5 15. Bd2 c6 16. e4 Nb4 17. Rad1 Be7 18. Be3 Ra6 19. d4 b5 20. Ne5 f6 21. Nf3 Kh8 22. Rc1 Bd7 23. Rfd1 Qe8 24. Bf1 Ra8 25. axb5 cxb5 26. Bf4 a4 27. Qe3 Rc8 28. Rxc8 Qxc8 29. Rc1 Qa8 30. Rc7 Qd8 31. Rc1 Qa8 32. Rc7 Qd8 33. Qc3 h6 34. h4 Kh7 35. h5 Qe8 36. g4 e5 37. dxe5 Bxg4 38. exf6 Bxf6 39. e5 Be7 40. Bxh6 Rxf3 41. Qd4 Bxh5 42. Be3 Qg6+ 43. Bg2 Rf7 44. Kh2 Bg4 45. f4 Bf8 46. Rxf7 Qxf7 47. Bd2 Nc2 48. Be4+ Bf5 49. Kg3 Nxd4 0-1

[Event "FIDE World Rapid-ch Open 2018"]
[White "Rechlis, Gad"]
[Black "Lobanov, Sergei"]
[Site "St. Petersburg"]
[Round "11.87"]
[Annotator "ChessBase"]
[Result "1-0"]
[Date "2018.12.28"]
[WhiteElo "2521"]
[BlackElo "2526"]
[PlyCount "49"]
[TimeControl "900+10"]

1. e4 c5 2. Nc3 Nc6 3. Nf3 e5 4. Bc4 d6 5. d3 Be7 6. Nd2 Nf6 7. Nf1 a6 8. a4 0-0 9. Ne3 Nd4 10. 0-0 Rb8 11. a5 Be6 12. Bd2 Qd7 13. Ncd5 Bd8 14. f4 exf4 15. Rxf4 Ne8 16. c3 Nc6 17. Qh5 Nxa5 18. Rxa5 Bxa5 19. Rh4 h6 20. Nf5 Bd8 21. Bxh6 Bxh4 22. Bxg7 Nxg7 23. Qxh4 Bxd5 24. Nh6+ Kh7 25. Ng4+ 1-0

[Event "FIDE World Rapid-ch Open 2018"]
[White "Apryshko, Gleb"]
[Black "Reshetnikov, Alexey"]
[Site "St. Petersburg"]
[Round "11.88"]
[Annotator "ChessBase"]
[Result "0-1"]
[Date "2018.12.28"]
[WhiteElo "2385"]
[BlackElo "2492"]
[PlyCount "74"]
[TimeControl "900+10"]

1. e4 e5 2. Nf3 Nc6 3. Nc3 Nf6 4. a3 d6 5. d4 exd4 6. Nxd4 Be7 7. Nde2 0-0 8. g3 Bg4 9. Bg2 Ne5 10. f4 Nc6 11. h3 Bd7 12. Be3 Re8 13. Qd3 Be6 14. 0-0-0 Nd7 15. Nd5 Bf8 16. Rhe1 Nb6 17. Nec3 g6 18. Nb5 Rc8 19. Bd2 Bg7 20. Bc3 f6 21. b3 Nd7 22. Bb2 a6 23. Nbc3 Nc5 24. Qd2 b5 25. Qf2 Bf7 26. g4 Rb8 27. Qh4 b4 28. axb4 Nxb4 29. Qf2 a5 30. Qd4 Nc6 31. Qc4 a4 32. Nxa4 Na5 33. Qd4 Naxb3+ 34. cxb3 Nxb3+ 35. Kc2 Nxd4+ 36. Rxd4 c6 37. Ndc3 Qa5 0-1

[Event "FIDE World Rapid-ch Open 2018"]
[White "Mamatov, Melis"]
[Black "Vaisser, Anatoli"]
[Site "St. Petersburg"]
[Round "11.89"]
[Annotator "ChessBase"]
[Result "0-1"]
[Date "2018.12.28"]
[WhiteElo "2223"]
[BlackElo "2505"]
[PlyCount "78"]
[TimeControl "900+10"]

1. e4 e6 2. d4 d5 3. Nd2 c5 4. Ngf3 Nc6 5. exd5 exd5 6. Bb5 cxd4 7. 0-0 Bd6 8. Nb3 Nge7 9. Bg5 0-0 10. Nbxd4 Qb6 11. Bd3 Ng6 12. Nf5 Bc5 13. Rb1 Re8 14. c3 a5 15. Be3 Bxf5 16. Bxc5 Qxc5 17. Bxf5 Rad8 18. Nd4 Nxd4 19. cxd4 Qb6 20. Qd2 Ne7 21. Bc2 Nc6 22. Ba4 Re4 23. Bxc6 Rxd4 24. Qe3 bxc6 25. Rbc1 c5 26. Rc2 h6 27. Rfc1 Rb8 28. h3 c4 29. Qe5 Rd8 30. Qe3 Qf6 31. b3 Rd3 32. Qc5 cxb3 33. axb3 Rxb3 34. Qxa5 d4 35. Rc6 Qe7 36. Rc8 Rxc8 37. Rxc8+ Kh7 38. Rd8 Qf6 39. Rd5 Rb1+ 0-1

[Event "FIDE World Rapid-ch Open 2018"]
[White "Mikhalevski, Victor"]
[Black "Chen, Qi b"]
[Site "St. Petersburg"]
[Round "11.90"]
[Annotator "ChessBase"]
[Result "1-0"]
[Date "2018.12.28"]
[WhiteElo "2579"]
[BlackElo "2437"]
[PlyCount "133"]
[TimeControl "900+10"]

1. Nf3 Nf6 2. d4 g6 3. g3 Bg7 4. Bg2 0-0 5. 0-0 d6 6. b3 e5 7. dxe5 dxe5 8. Ba3 Re8 9. Qxd8 Rxd8 10. Nc3 Nc6 11. Rad1 Bf5 12. Nh4 Be6 13. Bxc6 bxc6 14. e4 Nd7 15. f3 Nb6 16. Bc5 f5 17. Ng2 Kf7 18. Kf2 Nd7 19. Be3 Nb6 20. Bg5 Rxd1 21. Rxd1 Bf8 22. Be3 Bb4 23. Rd3 a6 24. Nb1 a5 25. a3 Be7 26. a4 c5 27. c4 Rb8 28. Na3 c6 29. Bd2 Ra8 30. Bc3 Nd7 31. Nb1 Bd8 32. Nd2 Bc7 33. Ne1 Ke7 34. Re3 f4 35. Re2 g5 36. g4 Rh8 37. Kg2 h5 38. h3 h4 39. Nd3 Rb8 40. Kf2 Ra8 41. Ke1 Rb8 42. Kd1 Ra8 43. Kc2 Rb8 44. Nb1 Ra8 45. Bb2 Rb8 46. Nc3 Bd6 47. Rd2 Rb7 48. Ba3 Rb8 49. Nd1 Rb7 50. N1f2 Rb8 51. Nxc5 Bxc5 52. Rxd7+ Bxd7 53. Bxc5+ Ke6 54. Nd3 Bc8 55. Ba3 Ra8 56. Bb2 Ke7 57. Bxe5 Be6 58. Bc3 Kd6 59. Bf6 Rg8 60. Be5+ Ke7 61. Bc7 Ra8 62. Nc5 Ra7 63. Bb6 Ra8 64. Kc3 Bc8 65. Kd4 Kd6 66. Bd8 Bxg4 67. e5# 1-0

[Event "FIDE World Rapid-ch Open 2018"]
[White "Hirneise, Tobias"]
[Black "Vlassov, Nikolai"]
[Site "St. Petersburg"]
[Round "11.91"]
[Annotator "ChessBase"]
[Result "0-1"]
[Date "2018.12.28"]
[WhiteElo "2464"]
[BlackElo "2401"]
[PlyCount "72"]
[TimeControl "900+10"]

1. e4 c5 2. Nf3 d6 3. d4 cxd4 4. Nxd4 Nf6 5. Nc3 g6 6. Be3 Bg7 7. f3 a6 8. Qd2 h5 9. Be2 Nbd7 10. 0-0 b5 11. b4 Bb7 12. a4 bxa4 13. Rxa4 0-0 14. Rfa1 Qc8 15. Nb3 Ne8 16. Bd4 Ne5 17. Na5 Nc7 18. f4 Ne6 19. Bxe5 dxe5 20. f5 Rd8 21. Bd3 gxf5 22. Nxb7 Qxb7 23. Qf2 Nf4 24. Bxa6 Qc6 25. Nd5 Nxd5 26. b5 Qg6 27. exd5 e4 28. Rd1 Be5 29. Qe2 Kh7 30. Rc4 Rg8 31. Re1 Qg5 32. Qf2 Rg6 33. Kh1 Rag8 34. Bc8 Qxg2+ 35. Qxg2 Rxg2 36. Bxf5+ Kh8 0-1

[Event "FIDE World Rapid-ch Open 2018"]
[White "Dzhumagaliev, Yan"]
[Black "Yeritsyan, Aram"]
[Site "St. Petersburg"]
[Round "11.92"]
[Annotator "ChessBase"]
[Result "1-0"]
[Date "2018.12.28"]
[WhiteElo "2410"]
[BlackElo "2372"]
[PlyCount "79"]
[TimeControl "900+10"]

1. d4 Nf6 2. c4 e6 3. g3 Bb4+ 4. Bd2 a5 5. Bg2 0-0 6. Nf3 b6 7. 0-0 Bb7 8. Bf4 Be7 9. Nc3 d6 10. Qc2 Nbd7 11. e4 Nh5 12. Be3 e5 13. Rad1 exd4 14. Nxd4 Re8 15. Rfe1 Bf8 16. Ndb5 Nhf6 17. Bf4 Nh5 18. Bc1 Qb8 19. b3 c6 20. Nd4 Qc7 21. a3 Rad8 22. b4 axb4 23. axb4 Rc8 24. Qb3 Nhf6 25. Bb2 g6 26. h3 Bg7 27. Kh2 h5 28. f4 h4 29. g4 d5 30. e5 Nxg4+ 31. hxg4 dxc4 32. Qxc4 Bxe5 33. Nde2 b5 34. Nxb5 Qd8 35. fxe5 cxb5 36. Qd4 Bxg2 37. e6 Qc7+ 38. Kxg2 f6 39. Qxd7 h3+ 40. Kxh3 1-0

[Event "FIDE World Rapid-ch Open 2018"]
[White "Lintchevski, Daniil"]
[Black "Vorotnikov, Vladislav V"]
[Site "St. Petersburg"]
[Round "11.93"]
[Annotator "ChessBase"]
[Result "1-0"]
[Date "2018.12.28"]
[WhiteElo "2516"]
[BlackElo "2417"]
[PlyCount "101"]
[TimeControl "900+10"]

1. Nf3 d6 2. d4 Bg4 3. g3 Bxf3 4. exf3 d5 5. Bd3 e6 6. 0-0 Nf6 7. Nd2 Nbd7 8. f4 g6 9. Nf3 Bg7 10. c3 c5 11. Be3 cxd4 12. Bxd4 0-0 13. Ne5 Ne8 14. Qe2 Nd6 15. Rad1 Qc7 16. h4 Nxe5 17. fxe5 Nf5 18. Bxf5 gxf5 19. Kh1 Kh8 20. f3 Rae8 21. g4 f4 22. g5 Qc4 23. Qxc4 dxc4 24. Bc5 Rg8 25. Rd7 Bxe5 26. Re1 f6 27. Rxe5 fxe5 28. Bd6 Rg6 29. Bxe5+ Kg8 30. Bf6 Rf8 31. Rxb7 Rfxf6 32. gxf6 Rxf6 33. Rxa7 e5 34. Re7 Rb6 35. Rxe5 Rxb2 36. Re4 Rxa2 37. Rxf4 Kg7 38. Kg1 Kg6 39. Kf1 Rc2 40. Rxc4 Kf5 41. Ke1 Rh2 42. Kd1 Rf2 43. Rc7 Kg6 44. Rc6+ Kg7 45. Rd6 Rxf3 46. Kc2 Rh3 47. Rd4 Kf6 48. Kb3 Ke5 49. Ra4 Rf3 50. Ra7 h6 51. Ra6 1-0

[Event "FIDE World Rapid-ch Open 2018"]
[White "Danielyan, Vahe"]
[Black "Sokolov, Andrei"]
[Site "St. Petersburg"]
[Round "11.94"]
[Annotator "ChessBase"]
[Result "0-1"]
[Date "2018.12.28"]
[WhiteElo "2220"]
[BlackElo "2532"]
[PlyCount "102"]
[TimeControl "900+10"]

1. e4 c5 2. Nf3 g6 3. c3 Bg7 4. d4 cxd4 5. cxd4 d5 6. e5 Nc6 7. Nc3 Nh6 8. h3 0-0 9. Be2 f6 10. exf6 exf6 11. 0-0 Nf5 12. b3 Be6 13. Re1 Re8 14. Bf4 Nd6 15. Bd3 Qd7 16. Na4 b6 17. Rc1 Nb4 18. Bb1 Bf7 19. Qd2 Nc6 20. Rxe8+ Rxe8 21. Qc3 Rc8 22. Bxd6 Qxd6 23. Bd3 Ne7 24. Qd2 Be6 25. Ba6 Rxc1+ 26. Qxc1 Qc6 27. Qxc6 Nxc6 28. Bb7 Nb4 29. Nc3 Kf7 30. Ne1 Bh6 31. Nf3 Bc1 32. a3 Bxa3 33. Nb5 Bb2 34. Nxa7 Ke7 35. Nc6+ Nxc6 36. Bxc6 Kd6 37. Bb5 Bf5 38. Kf1 Bc2 39. Ba4 Bd3+ 40. Ke1 Bc3+ 41. Kd1 b5 42. Bxb5 Bxb5 43. Kc2 Bb4 44. g3 Bd7 45. h4 Bf5+ 46. Kc1 Bg4 47. Nh2 Be2 48. h5 gxh5 49. f3 Be1 50. g4 Bg3 51. Kd2 Bb5 0-1